 Dungeon Crawl Stone Soup version 0.17.0-28-g6e173f8 (webtiles) character file.

327 PossumBlood the Magician (level 6, -2/38 HPs)
             Began as a High Elf Wizard on Nov 24, 2015.
             Slain by a yak (10 damage)
             ... on level 4 of the Dungeon.
             The game lasted 00:17:55 (3925 turns).

PossumBlood the Magician (High Elf Wizard)          Turns: 3925, Time: 00:17:56

Health: -2/38      AC:  4    Str:  6    XL:     6   Next: 24%
Magic:  2/15       EV: 13    Int: 24    God:
Gold:   182        SH:  0    Dex: 14    Spells: 4 memorised, 7 levels left

rFire  . . .     SeeInvis .     h - +1 dagger
rCold  . . .     Clarity  .     a - +0 robe
rNeg   + . .     SustAt   +     (no shield)
rPois  .         Gourm    .     b - +2 hat
rElec  .         Spirit   .     (no cloak)
rCorr  .         Warding  .     (no gloves)
rMut   .         Stasis   .     (no boots)
MR     .....                    f - amulet of faith
Stlth  ++........               d - ring of sustain attributes
                                e - ring of positive energy

@: not resistant to hostile enchantments, unstealthy
A: no striking features
a: no special abilities


You were on level 4 of the Dungeon.
You were not hungry.

You visited 1 branch of the dungeon, and saw 4 of its levels.

You collected 182 gold pieces.

Inventory:

Hand Weapons
 g - a cursed -1 whip
 h - a +1 dagger (weapon)
 t - a +0 whip
Armour
 a - a +0 robe (worn)
 b - a +2 hat (worn)
 k - a +0 cloak
 s - a +1 hat
Jewellery
 d - a ring of sustain attributes (right hand)
 e - a ring of positive energy (left hand)
 f - an amulet of faith (around neck)
Scrolls
 j - 5 scrolls of teleportation
 q - 3 scrolls of identify
 w - a scroll of recharging
 x - a scroll of amnesia
Potions
 i - 2 potions of agility {unknown}
 l - 4 potions of haste {unknown}
 o - a potion of cancellation {unknown}
 p - a potion of heal wounds {unknown}
 u - a potion of curing {unknown}
 v - a potion of resistance {unknown}
Books
 c - a book of Minor Magic

   Spells                             Type                      Level
   a - Magic Dart                     Conjuration                  1
   b - Blink                          Translocation                2
   c - Call Imp                       Summoning                    2
   d - Repel Missiles                 Charms/Air                   2
   e - Slow                           Hexes                        2
   f - Conjure Flame                  Conjuration/Fire             3
   g - Mephitic Cloud                 Conjuration/Poison/Air       3
Comestibles
 m - 2 beef jerkies
 n - 3 meat rations
 r - 3 bread rations


   Skills:
 + Level 1.3 Fighting
 + Level 0.2 Short Blades
 + Level 3.3 Dodging
 + Level 2.9 Stealth
 + Level 5.7 Spellcasting
 + Level 3.9 Conjurations
   Level 0.8 Summonings
 + Level 1.1 Translocations


You had 7 spell levels left.
You knew the following spells:

 Your Spells              Type           Power        Failure   Level  Hunger
a - Magic Dart            Conj           ####         1%          1    None
b - Blink                 Tloc           N/A          10%         2    None
c - Conjure Flame         Conj/Fire      ###.....     14%         3    #......
d - Mephitic Cloud        Conj/Pois/Air  ##......     17%         3    #......


Dungeon Overview and Level Annotations

Branches:
Dungeon (4/15)
 Temple: D:4-7

Altars:
Elyvilon
Qazlal
Sif Muna
Zin


Message History

Confirm with . or Enter, or press ? or * to list all spells.
You blink.
A yak comes into view.
The yak gores you.
* * * LOW HITPOINT WARNING * * *
The yak is engulfed in roaring flames.
Casting: Blink
Confirm with . or Enter, or press ? or * to list all spells.
You blink.
The yak barely misses you.
Found a short sword.
Found a stone staircase leading down.
Found a long jewelled rod.
An orc comes into view. It is wielding a club.
You see here a short sword.
Found a stone staircase leading down.
The orc shouts!
The yak barely misses you.
You hit the yak.
The yak is lightly wounded.
The yak barely misses you. The yak gores you!
You die...

..###.#)#
#.#.#
#.#.#.#.###
#.#.#
#...###..
#....##
#.Y#.#.###
###...#
#..#..# #...#
.#####.Y#.####
#...#
\....>.......#
#...#
.#####.r#Y##.#
#...# #Y.#@# .
#...#
#####..#Y#
...##<..#
..........#
..........#
.#####.o###
.....###..###
#..#
.....###.....
....#
#...........#
###.##
#...#####.#.#
#> . ...#.. #.
#######


You could see 3 yaks and an orc.

Vanquished Creatures
  An orc priest (D:3)
  A centaur skeleton (D:4)
  A giant frog skeleton (D:4)
  An orc wizard (D:4)
  8 adders
  4 gnolls (D:3)
  2 oozes
  A worm (D:3)
  4 giant geckos
  8 orcs
  2 giant cockroaches
  6 hobgoblins
  4 jackals (D:3)
  14 bats
  5 giant newts
  6 goblins
  14 kobolds
  10 rats
92 creatures vanquished.

Vanquished Creatures (others)
  A bat (D:2)
1 creature vanquished.

Grand Total: 93 creatures vanquished

Notes
Turn   | Place    | Note
--------------------------------------------------------------
     0 | D:1      | PossumBlood the High Elf Wizard began the quest for the Orb.
     0 | D:1      | Reached XP level 1. HP: 11/11 MP: 6/6
   360 | D:1      | Reached skill level 4 in Spellcasting
   360 | D:1      | Reached XP level 2. HP: 17/17 MP: 2/8
  1290 | D:1      | Reached XP level 3. HP: 22/22 MP: 0/9
  1715 | D:2      | Found a deep blue altar of Sif Muna.
  1962 | D:2      | Found a stormy altar of Qazlal.
  2066 | D:3      | Reached XP level 4. HP: 18/27 MP: 2/11
  2730 | D:3      | Reached skill level 5 in Spellcasting
  2730 | D:3      | Reached XP level 5. HP: 29/32 MP: 3/13
  2807 | D:3      | Learned a level 2 spell: Blink
  2812 | D:3      | Learned a level 3 spell: Conjure Flame
  2816 | D:3      | Learned a level 3 spell: Mephitic Cloud
  2821 | D:3      | Found a white marble altar of Elyvilon.
  2830 | D:3      | Reached skill level 1 in Fighting
  3493 | D:4      | Reached XP level 6. HP: 26/38 MP: 5/15
  3768 | D:4      | Found a glowing silver altar of Zin.
  3899 | D:4      | Noticed a yak
  3900 | D:4      | Noticed a yak
  3905 | D:4      | Noticed a yak
  3907 | D:4      | Noticed a yak
  3909 | D:4      | Noticed a yak
  3912 | D:4      | Noticed a yak
  3925 | D:4      | Slain by a yak

Action                   |  1- 3 |  4- 6 || total
-------------------------+-------+-------++-------
Melee: Dagger            |    16 |    13 ||    29
 Cast: Magic Dart        |   106 |   155 ||   261
       Blink             |       |     2 ||     2
       Conjure Flame     |       |     1 ||     1
  Use: Scroll            |     7 |     5 ||    12
  Eat: Bread ration      |     1 |       ||     1
       Fruit             |       |     3 ||     3
       Royal jelly       |       |     1 ||     1
